 Dungeon Crawl Stone Soup version 0.30-a0-377-g5cb311bc9f (webtiles) character file.

Game seed: 2424863595971550867

2041 qeuew the Fighter (level 9, -5/74 HPs)
             Began as a Formicid Fighter on Nov 27, 2022.
             Was an Initiate of Gozag.
             Slain by an ogre
             ... wielding a +0 giant club
              (19 damage)
             ... on level 7 of the Dungeon.
             The game lasted 00:09:32 (5521 turns).

qeuew the Fighter (Formicid Fighter)                Turns: 5521, Time: 00:09:33

Health: -5/74      AC:  8    Str: 24    XL:     9   Next: 48%
Magic:  9/9        EV: 11    Int:  9    God:    Gozag
Gold:   345        SH:  6    Dex: 13    Spells: 8/8 levels left

rFire   . . .      SeeInvis +    a - +0 war axe
rCold   . . .      Faith    .    c - +0 buckler
rNeg    . . .      Spirit   .    b - +1 scale mail
rPois   .          Reflect  .    (helmet unavailable)
rElec   +          Harm     .    (no cloak)
rCorr   +          Rampage  .    (no gloves)
Will    .....                    (no boots)
Stlth   ..........               (no amulet)
HPRegen 0.32/turn                f - ring of resist corrosion
MPRegen 0.11/turn                (no ring)

@: no status effects
A: permanent stasis, dig shafts and tunnels, antennae 3, four strong arms,
hooves 1, electricity resistance, MP-powered wands
a: Dig, Shaft Self, Renounce Religion, Potion Petition, Call Merchant, Bribe
Branch


You were on level 7 of the Dungeon.
You worshipped Gozag.
Gozag was aware of your devotion.
You visited 1 branch of the dungeon, and saw 7 of its levels.

You collected 740 gold pieces.
You paid 395 gold pieces to Gozag.

Inventory:

Hand Weapons
 a - a +0 war axe (weapon)
Armour
 b - a +1 scale mail (worn)
 c - a +0 buckler (worn)
Jewellery
 f - a ring of resist corrosion (left hand)
Wands
 j - a wand of flame (11)
 k - a wand of acid (9)
Scrolls
 e - a scroll of enchant armour
 i - a scroll of silence {unknown}
Potions
 d - a potion of might
 g - 4 potions of magic
 h - 2 potions of mutation
 l - 2 potions of curing


   Skills:
 * Level 8.0 Fighting
 + Level 5.0 Axes
 + Level 6.0 Armour
 + Level 4.0 Dodging
 + Level 7.2 Shields
 + Level 3.0 Evocations


You had 8 spell levels left.
You didn't know any spells.
Your spell library contained the following spells:

 Spells                   Type           Power      Damage    Failure   Level
 Magic Dart               Conj           0%         1d3       73%         1
 Sandblast                Erth           0%         2d4       73%         1
 Call Imp                 Summ           0%         N/A       86%         2
 Passwall                 Tmut/Erth      0%         N/A       86%         2
 Mephitic Cloud           Conj/Pois/Air  0%         N/A       97%         3
 Stone Arrow              Conj/Erth      0%         3d7       97%         3
 Conjure Ball Lightning   Conj/Air       0%         3x3d6     100%        6
 Discord                  Hex            0%         N/A       100%        8
 Disjunction              Tloc           0%         N/A       100%        8


Dungeon Overview and Level Annotations

Branches:
Dungeon (7/15)             Temple (0/1) D:6

Altars:
Elyvilon
Gozag
Kikubaaqudgha
Zin

Shops:
D:2 (   D:3 (


Innate Abilities, Weirdness & Mutations

You cannot be hasted, slowed, berserked, paralysed or teleported.
You can dig through walls and to a lower floor.
You have a pair of large antennae on your head. (SInv)
Your four strong arms can wield two-handed weapons with a shield.
You have large cloven feet.
You are resistant to electric shocks. (rElec)
You expend magic power (3 MP) to strengthen your wands.


Message History

Something hits the bush but does no damage.
Something kicks the bush but does no damage.
Something hits the bush.
Something kicks the bush but does no damage.
Something hits the bush but does no damage.
Something kicks the bush.
Something hits the bush but does no damage.
Something kicks the bush but does no damage.
An ogre comes into view. It is wielding a +0 giant club.
Found a book of Power.
The ogre shouts!
The centaur wields a +0 shortbow.
The centaur shoots an arrow.
The arrow closely misses you.
The centaur shoots an arrow.
The arrow barely misses you. The ogre completely misses you.
You barely miss the ogre. You kick the ogre.
The ogre is lightly wounded.
The centaur shoots an arrow.
The arrow hits you!
The centaur shoots an arrow.
You block the arrow.
You hit the ogre. Your kick misses the ogre.
The ogre is moderately wounded.
The ogre hits you with a +0 giant club!
The centaur shoots an arrow.
You block the arrow.
You closely miss the ogre. Your kick misses the ogre.
The ogre is moderately wounded.
The centaur shoots an arrow.
The arrow hits you.
The ogre hits you with a +0 giant club!!
* * * LOW HITPOINT WARNING * * *
The centaur shoots an arrow.
The arrow hits you.
* * * LOW HITPOINT WARNING * * *
The centaur shoots an arrow.
You block the arrow.
Unknown command.
The centaur shoots an arrow.
You block the arrow.
The centaur shoots an arrow.
You block the arrow.
Okay, then.
Okay, then.
The ogre attacks as you move away!
The ogre hits you with a +0 giant club!!
You die...
Your body crumbles into a pile of gold.

........###
..........#
.≈≈≈....#.# {
.≈c≈....#.# {
.#{#..#.#.#
#)####.#.# #+# #.#
#.#.# #.#
##P####O#.# #.#
#......@..# ##.##
#...###.###
####...###...# #.#
........###(####.#
###....#.........#
..>.#........#####
....#..#.###.#
.........# .#
###.#..### .#


You could see an ogre.

Vanquished Creatures
  Sigmund (D:3)
  A steam dragon (D:6)
  3 water moccasins
  2 black bears
  An ice beast (D:5)
  A centaur (D:4)
  2 bullfrogs (D:6)
  4 scorpions
  3 wights (D:6)
  6 hounds
  A jelly (D:6)
  2 iguanas
  An orc wizard (D:4)
  Natasha (thrice) (D:3)
  12 adders
  2 worms
  A dart slug (D:1)
  11 orcs
  10 ball pythons
  6 bats
  11 endoplasms
  3 giant cockroaches
  7 goblins
  2 hobgoblins (D:1)
  4 jackals (D:4)
  3 quokkas
  2 frilled lizards (D:1)
  8 kobolds
  7 rats
  A spectral kobold (D:3)
121 creatures vanquished.

Notes
Turn   | Place    | Note
-------+----------+-------------------------------------------
     0 | D:1      | qeuew the Formicid Fighter began the quest for the Orb.
     0 | D:1      | Reached XP level 1. HP: 18/18 MP: 1/1
    67 | D:1      | Reached XP level 2. HP: 24/24 MP: 2/2
   158 | D:1      | Reached XP level 3. HP: 30/30 MP: 3/3
   756 | D:2      | Found an opulent altar of Gozag.
   816 | D:2      | Reached skill level 4 in Fighting
   816 | D:2      | Reached XP level 4. HP: 37/37 MP: 4/4
   911 | D:2      | Reached skill level 1 in Dodging
   992 | D:2      | Found Vunorad's Weapon Shop.
  1034 | D:2      | Became a worshipper of Gozag Ym Sagoz the Greedy
  1308 | D:3      | Noticed Sigmund
  1319 | D:3      | Killed Sigmund
  1320 | D:3      | Reached skill level 5 in Shields
  1320 | D:3      | Reached XP level 5. HP: 35/43 MP: 5/5
  1320 | D:3      | Reached XP level 6. HP: 41/50 MP: 6/6
  1481 | D:3      | Noticed Natasha
  1494 | D:3      | Killed Natasha
  1495 | D:3      | Reached skill level 5 in Fighting
  1528 | D:3      | Noticed Natasha
  1538 | D:3      | Killed Natasha
  1582 | D:3      | Found a white marble altar of Elyvilon.
  1584 | D:3      | Found an ancient bone altar of Kikubaaqudgha.
  1718 | D:3      | Found Axismac's Weapon Boutique.
  1744 | D:3      | Found a faded altar of an unknown god.
  1869 | D:3      | Noticed Natasha
  1879 | D:3      | Killed Natasha
  2051 | D:3      | Gained mutation: You have large cloven feet. [potion of
                  | mutation]
  2051 | D:3      | Gained mutation: You expend magic power (3 MP) to
                  | strengthen your wands. [potion of mutation]
  2051 | D:3      | Gained mutation: You are resistant to electric shocks.
                  | (rElec) [potion of mutation]
  2108 | D:4      | Reached XP level 7. HP: 51/56 MP: 7/7
  2190 | D:4      | Found a glowing silver altar of Zin.
  2191 | D:4      | Found an opulent altar of Gozag.
  2584 | D:4      | Reached skill level 6 in Fighting
  2817 | D:5      | Entered Level 5 of the Dungeon
  2835 | D:5      | Reached XP level 8. HP: 61/64 MP: 8/8
  3030 | D:5      | Reached skill level 5 in Armour
  3477 | D:5      | Reached skill level 1 in Evocations
  3952 | D:6      | Reached skill level 7 in Fighting
  4060 | D:6      | Reached XP level 9. HP: 71/72 MP: 9/9
  4584 | D:6      | Found a staircase to the Ecumenical Temple.
  4977 | D:6      | Reached skill level 8 in Fighting
  4977 | D:6      | Reached skill level 5 in Axes
  5521 | D:7      | Slain by an ogre

Illustrated notes

Levels and vault maps discovered:
D:1:      amcnicky_arrival_blooded_trapdoor, layout_basic
D:2:      layout_rooms, serial_shops, shop_statue, basic_altar
D:3:      layout_loops_cross, mainiacjoe_overflow_catch_the_wave,
          dreamdust_ecumenical_altar_drowned_temple, serial_shops,
          nicolae_shop_stone, uniq_sigmund, uniq_natasha
D:4:      layout_rooms, grunt_temple_overflow_gold_and_silver
D:5:      layout_layer_cave, grunt_decor_resistance
D:6:      layout_basic, minmay_temple_entry_mist, st_stairs_14,
          minmay_liquid_box, hangedman_abyss_or_decor_lesser_grid
D:7:      layout_loops_corners, kb_lookout_dungeons_type, minmay_joined_circles,
          uniq_joseph

Skill      XL: |  1  2  3  4  5  6  7  8  9 |
---------------+----------------------------+-----
Fighting       | 4 5 6 7 8 |  8.0
Dodging        | 1 2 3 4 |  4.0
Axes           | 3 4 5 |  5.0
Armour         | 4 5 6 |  6.0
Shields        | 5 6 7 |  7.2
Evocations     | 2 3 |  3.0

Action                   |  1- 3 |  4- 6 |  7- 9 || total
-------------------------+-------+-------+-------++-------
Melee: War axe           |    72 |   118 |   228 ||   418
       Kick              |       |       |    60 ||    60
Invok: Potion Petition   |       |       |     1 ||     1
  Use: Scroll            |     2 |     4 |       ||     6
       Potion            |     1 |     3 |     5 ||     9
 Stab: Distracted        |       |       |     2 ||     2
Armor: Scale mail        |    45 |    52 |   115 ||   212
       Skin              |       |       |     5 ||     5
Dodge: Dodged            |    36 |    64 |   133 ||   233
Block: Buckler           |    16 |    39 |    83 ||   138

Table legend: (Time is in decaauts)
 A = Elapsed time spent in this place.
 B = Non-inter-level travel time spent in this place.
 C = Inter-level travel time spent in this place.
 D = Time resting spent in this place.
 E = Time spent auto-exploring this place.
 F = Levels seen in this place.
 G = Mean time per level.
                   A        B        C        D        E       F      G
               +--------+--------+--------+--------+--------+-----+--------+
         Total |   5680 |   5531 |    149 |     28 |   4472 |   7 |  811.4 |
       Dungeon |   5680 |   5531 |    149 |     28 |   4472 |   7 |  811.4 |
               +--------+--------+--------+--------+--------+-----+--------+

Top non-repeatable levels by time:
     D:6: 1561 daAuts
     D:5: 1151 daAuts
     D:3: 927 daAuts
     D:1: 740 daAuts
     D:4: 736 daAuts
     D:2: 507 daAuts
     D:7: 54 daAuts
